 Dungeon Crawl Stone Soup version 0.30-a0-1161-g0704695555 (webtiles) character file.

Game seed: 4087094446319476083

868 BlueFish the Sneak (level 8, -3/54 HPs)
             Began as an Octopode Fighter on Apr 27, 2023.
             Was an Initiate of Cheibriados.
             Killed from afar by a white imp (5 damage)
             ... with a puff of frost
             ... summoned by Eustachio
             ... on level 6 of the Dungeon.
             The game lasted 00:09:53 (4312 turns).

BlueFish the Sneak (Octopode Fighter)               Turns: 4312, Time: 00:09:53

Health: -3/54      AC:  0    Str: 18    XL:     8   Next: 3%
Magic:  10/10      EV: 21    Int: 12    God:    Cheibriados [......]
Gold:   292        SH:  0    Dex: 17    Spells: 3/10 levels left

rFire   . . .        a - melded +6 trident of Unpleasantness {flame, rN+ Str+2}
rCold   . . .        j - melded +0 buckler
rNeg    . . .        (helmet currently unavailable)
rPois   .            x - amulet of magic regeneration
rElec   .            D - melded ring of positive energy
rCorr   .            G - melded ring of positive energy
SInv    .            J - melded ring of protection from fire
Will    .....        (ring currently unavailable)
Stlth   +++          (ring currently unavailable)
HPRegen 0.29/turn    (ring currently unavailable)
MPRegen 0.52/turn    (ring currently unavailable)
                     (ring currently unavailable)

%: no passive effects
@: bat-form, flying, quick
A: fast, flying, no casting, almost no armour, (amphibious), (8 rings), tiny,
(camouflage 1), (gelatinous body 1), (nimble swimmer 1), (tentacles)
a: Renounce Religion


You were on level 6 of the Dungeon.
You worshipped Cheibriados.
Cheibriados was noncommittal.
You were a bat.
You visited 2 branches of the dungeon, and saw 7 of its levels.

You collected 292 gold pieces.

Inventory:

Hand Weapons
 a - the +6 trident of Unpleasantness (melded) {flame, rN+ Str+2}
   (You found it on level 5 of the Dungeon)

   Str:       It affects your strength (+2).
   rN:        It protects you from negative energy.
 b - a +0 sling
 l - a +0 flail
 C - a +0 mace
 H - a +0 whip
Missiles
 h - 55 stones (quivered)
 w - 7 boomerangs
Armour
 j - a +0 buckler (melded)
Jewellery
 x - an amulet of magic regeneration (around neck)
 D - a ring of positive energy (melded)
 G - a ring of positive energy (melded)
 J - a ring of protection from fire (melded)
Wands
 A - a wand of charming (10)
 I - a wand of iceblast (8)
Scrolls
 e - 2 scrolls of teleportation
 f - 2 scrolls of blinking {unknown}
 i - a scroll of enchant weapon {unknown}
 m - a scroll of vulnerability {unknown}
 n - 2 scrolls of poison {unknown}
 p - a scroll of enchant armour {unknown}
 r - 5 scrolls of identify {unknown}
 t - a scroll of magic mapping {unknown}
 y - a scroll of amnesia {unknown}
 E - a scroll of torment {unknown}
Potions
 c - a potion of might
 d - a potion of lignification {unknown}
 g - 2 potions of mutation {unknown}
 k - 2 potions of degeneration {unknown}
 o - a potion of invisibility {unknown}
 q - 2 potions of resistance {unknown}
 s - 2 potions of curing {unknown}
 u - 2 potions of magic {unknown}
 v - 3 potions of haste
 z - 2 potions of heal wounds {unknown}
 B - a potion of flight {unknown}
 F - a potion of brilliance {unknown}
 K - a potion of cancellation {unknown}


   Skills:
 + Level 4.0 Fighting
 - Level 3.3 Maces & Flails
 + Level 0.9 Polearms
 + Level 2.2 Throwing
 + Level 3.9 Dodging
 * Level 5.4 Stealth
 + Level 3.9 Shields
 + Level 1.6 Spellcasting
 * Level 3.1 Translocations
 + Level 0.2 Transmutations
 + Level 0.1 Earth Magic
 + Level 0.9 Invocations
 + Level 1.9 Evocations


You had 3 spell levels left.
You knew the following spells:

 Your Spells              Type           Power      Damage    Failure   Level
a - Lesser Beckoning      Tloc           16%        N/A       12%         2
b - Teleport Other        Tloc           8%         N/A       22%         3
c - Passwall              Tmut/Erth      0%         N/A       36%         2

Your spell library contained the following spells:

 Spells                   Type           Power      Damage    Failure   Level
 Gell's Gravitas          Tloc           8%         N/A       22%         3
 Sandblast                Erth           2%         2d4       26%         1
 Stone Arrow              Conj/Erth      2%         3d7       63%         3


Dungeon Overview and Level Annotations

Branches:
Dungeon (6/15)             Temple (1/1) D:5

Altars:
Ashenzari
Cheibriados
Dithmenos
Elyvilon
Fedhas
Gozag
Nemelex Xobeh
Okawaru
Qazlal
Ru
Sif Muna
Trog
Uskayaw
Vehumet
Xom
Zin
The Shining One

Shops:
D:2 :

Annotations:
D:3 1 runed translucent door, Crazy Yiuf
D:4 Sigmund
D:6 Eustachio


Innate Abilities, Weirdness & Mutations

You are a bat.
You are tiny and dextrous.
You move quickly.
You are flying.
Your equipment is almost entirely melded.
You are incapable of wielding weapons or throwing items.
You cannot cast spells.
You cannot wear most types of armour.
((You are amphibious.))
((You can wear up to eight rings at the same time.))
((Your skin changes colour to match your surroundings (Stealth+).))
((Your rubbery body absorbs attacks. (AC +1, EV +1)))
((You are camouflaged when in or above water. (Stealth+)))
((You have tentacles for arms and can constrict up to eight enemies at once.))


Message History

You barely miss Eustachio. Your grab misses Eustachio.
Your squeeze misses Eustachio.
Eustachio is severely wounded.
Eustachio zaps a wand.
You resist with some effort. The river rat barely misses you. x2
You closely miss Eustachio. You grab Eustachio.
You squeeze Eustachio, but do no damage.
Eustachio is severely wounded.
You constrict Eustachio. You block Eustachio's attack. The river rat bites you.
The river rat barely misses you.
An ice beast comes into view.
Eustachio hits you with a +1 falchion of protection.
* * * LOW HITPOINT WARNING * * *
Your magical contamination has completely faded away.
The iguana hisses angrily.
You hit Eustachio. You burn Eustachio.
Eustachio is almost dead.
You constrict Eustachio. The ufetubus hits you.
* * * LOW HITPOINT WARNING * * *
The ufetubus hits you.
* * * LOW HITPOINT WARNING * * *
You block the river rat's attack. The river rat misses you.
The white imp hits you.
* * * LOW HITPOINT WARNING * * *
The white imp freezes you.
* * * LOW HITPOINT WARNING * * *
Eustachio zaps a wand.
You turn into a bat.
The +6 trident of Unpleasantness {flame, rN+ Str+2} melds into your body.
Your +0 buckler melds into your body.
Your ring of positive energy melds into your body. x2
Your ring of protection from fire melds into your body.
The +6 trident of Unpleasantness {flame, rN+ Str+2} stops flaming.
You lose your grip on Eustachio.
The river rat completely misses you. The river rat barely misses you.
Okay, then.
Eustachio gestures wildly while chanting.
Eustachio blinks!
The white imp gestures at you. The puff of frost hits you.
You die...

##...†...........###.#..#
#................# #. .
#.#.....#####.##.##....
....###.....##........#
.... ###.#.##..#...##...
... #..@.#.....## ..
##...#.....##
#..........#
##...b...)#...
#####..r.#.l.......
......§r5...#......
#.####.5.:..#......
#.........$....
#..............
...........#....
..#Y............ ##
.................


You could see Eustachio, an ice beast, an iguana, 2 river rats, a white imp
(summoned) and an ufetubus (summoned).

Vanquished Creatures
  A water moccasin (D:6)
  A black bear (D:5)
  3 scorpions
  A howler monkey (D:4)
  An orc priest (D:6)
  2 sleepcaps
  An iguana (D:5)
  Natasha (thrice) (D:4)
  2 orc wizards (D:4)
  Terence (D:3)
  8 adders
  An ufetubus (D:4)
  6 worms
  2 dart slugs (D:1)
  19 orcs
  9 ball pythons
  3 endoplasms
  4 giant cockroaches
  5 goblins
  4 hobgoblins
  4 jackals (D:3)
  7 quokkas
  5 bats
  6 frilled lizards
  3 kobolds
  3 rats (D:1)
105 creatures vanquished.

Notes
Turn   | Place    | Note
-------+----------+-------------------------------------------
     0 | D:1      | BlueFish the Octopode Fighter began the quest for the Orb.
     0 | D:1      | Reached XP level 1. HP: 16/16 MP: 1/1
   140 | D:1      | Reached skill level 1 in Stealth
   202 | D:1      | Reached XP level 2. HP: 18/21 MP: 2/2
   289 | D:1      | Reached skill level 2 in Stealth
   353 | D:1      | Reached XP level 3. HP: 19/26 MP: 3/3
   790 | D:2      | Learned a level 2 spell: Lesser Beckoning
   891 | D:2      | Found Icusurch's Book Boutique.
   891 | D:2      | Noticed a walking crystal tome
   893 | D:2      | Noticed a walking frostbound tome
   901 | D:2      | Reached XP level 4. HP: 30/31 MP: 4/4
  1232 | D:3      | Reached skill level 1 in Throwing
  1290 | D:3      | Found a runed translucent door.
  1291 | D:3      | Noticed Crazy Yiuf
  1405 | D:3      | Found a faded altar of an unknown god.
  1422 | D:3      | Noticed Terence
  1440 | D:3      | Killed Terence
  1441 | D:3      | Reached skill level 3 in Stealth
  1599 | D:3      | Found a glowing golden altar of the Shining One.
  1613 | D:3      | Reached skill level 1 in Translocations
  1613 | D:3      | Reached XP level 5. HP: 18/36 MP: 5/5
  1898 | D:3      | Found a shimmering altar of Xom.
  2144 | D:4      | Noticed Sigmund
  2311 | D:4      | Noticed Natasha
  2315 | D:4      | Killed Natasha
  2316 | D:4      | Reached XP level 6. HP: 42/42 MP: 7/7
  2324 | D:4      | Learned a level 3 spell: Teleport Other
  2351 | D:4      | Reached skill level 4 in Stealth
  2428 | D:4      | Reached skill level 1 in Spellcasting
  2519 | D:4      | Noticed Natasha
  2526 | D:4      | Killed Natasha
  2763 | D:4      | Noticed Natasha
  2772 | D:4      | Killed Natasha
  2840 | D:4      | Found a sacrificial altar of Ru.
  2999 | D:4      | Found an opulent altar of Gozag.
  3105 | D:4      | Found a faded altar of an unknown god.
  3198 | D:5      | Entered Level 5 of the Dungeon
  3287 | D:5      | Found a radiant altar of Vehumet.
  3340 | D:5      | Identified the +6 trident of Unpleasantness {flame, rN+
                  | Str+2}
  3392 | D:5      | Reached skill level 1 in Evocations
  3409 | D:5      | Reached XP level 7. HP: 32/47 MP: 8/8
  3511 | D:5      | Found a staircase to the Ecumenical Temple.
  3511 | D:5      | Identified the +6 leather armour "Ogafuuq" {rElec rF+}
  3531 | D:5      | Reached skill level 5 in Stealth
  3536 | Temple   | Entered the Ecumenical Temple
  3594 | Temple   | Became a worshipper of Cheibriados the Contemplative
  3762 | D:5      | Identified the +4 leather armour of Understanding {Str+4}
  4213 | D:6      | Learned a level 2 spell: Passwall
  4280 | D:6      | Reached XP level 8. HP: 54/54 MP: 8/10
  4299 | D:6      | Noticed Eustachio
  4310 | D:6      | HP: 2/54 [white imp[Eustachio] (3)]
  4312 | D:6      | Killed from afar by a white imp

Illustrated notes

Levels and vault maps discovered:
D:1:      lemuel_arrival_muddy, layout_basic
D:2:      layout_rooms, serial_shops, nicolae_shop_mannequins
D:3:      layout_basic, amcnicky_altar_gilded, nicolae_tso_carved_into_rock,
          hellmonk_ecumenical_altar_heavens_door, uniq_terence,
          uniq_crazy_yiuf_cottage
D:4:      layout_loops_cross, marbit_many_paths, nicolae_ru_path_of_blood,
          beargit_hepliaklqana_dungeon_heroes, hangedman_decor_growths,
          uniq_natasha
D:5:      layout_basic, fiery_altar_vehumet, minmay_temple_entry_sparse_star,
          uniq_sigmund
D:6:      layout_rooms, kennysheep_nondescript, uniq_eustachio
Temple:   chequers_temple_sunken

Skill      XL: |  1  2  3  4  5  6  7 |
---------------+----------------------+-----
Stealth        | 1 2 3 4 5 |  5.4
Throwing       | 1 2 |  2.2
Translocations | 1 2 3 |  3.1
Maces & Flails | 3 |  3.3
Spellcasting   | 1 |  1.6
Evocations     | 1 |  1.9
Fighting       | 4 |  4.0
Polearms       | |  0.9
Dodging        | |  3.9
Shields        | |  3.9
Transmutations | |  0.2
Earth Magic    | |  0.1
Invocations    | |  0.9

Action                     |  1- 3 |  4- 6 |  7- 9 || total
---------------------------+-------+-------+-------++-------
  Melee: Flail             |    37 |       |       ||    37
         Constrict         |    15 |    27 |    12 ||    54
         Tentacles         |    11 |    22 |     9 ||    42
         Whip              |    21 |    92 |       ||   113
         Punch             |       |     2 |       ||     2
         Trident           |       |    12 |    47 ||    59
   Fire: Sling             |    24 |    98 |    28 ||   150
    Use: Scroll            |       |     1 |       ||     1
   Stab: Sleeping          |     4 |       |       ||     4
 Armour: Skin              |     5 |    11 |     4 ||    20
  Dodge: Dodged            |    33 |    61 |    25 ||   119
  Block: Buckler           |    14 |    25 |     7 ||    46

Table legend: (Time is in decaauts)
 A = Elapsed time spent in this place.
 B = Non-inter-level travel time spent in this place.
 C = Inter-level travel time spent in this place.
 D = Time resting spent in this place.
 E = Time spent auto-exploring this place.
 F = Levels seen in this place.
 G = Mean time per level.
                   A        B        C        D        E       F      G
               +--------+--------+--------+--------+--------+-----+--------+
         Total |   4514 |   4278 |    236 |     17 |   3255 |   7 |  644.9 |
       Dungeon |   4415 |   4179 |    236 |     17 |   3214 |   6 |  735.8 |
        Temple |     99 |     99 |      0 |      0 |     41 |   1 |   99.0 |
               +--------+--------+--------+--------+--------+-----+--------+

Top non-repeatable levels by time:
     D:4: 1092 daAuts
     D:5: 955 daAuts
     D:3: 896 daAuts
     D:1: 665 daAuts
     D:2: 581 daAuts
     D:6: 223 daAuts
  Temple: 99 daAuts
